Yev-Ruu, chaotic female vampiric Convict --- ---- --- --.------- --- --..| --.-- ---- |....--..| --.-- --...-------...--- |..--- --.......| |...| --.........0......| |....-- ---.....| |..-| |)%.-------.......- --....| |-.^--- ----...|--.--- |u@........ --...-- |...| |......|...| |._....... --...-- ---..-- |.........-- |........ |..-.-- |...^|-- --<.......| --.....- |.....| ---.--.|.---- ---.|.....-| --- --.... |...(.--|...|-....|.-- |...|......---.--- --.. --.....--%--|........---.---............---- . |........| |............|.................-- ---.....----........-----..................| -.....-- |...................--.--.....|.-- ..--...| |....|...%.------..--------.----- - |...|---....|......-------- --- |..--|...--....%......| ---- |..----..........| ---- -------.---- --- Yev-Ruu the Jail-bird Experience level: 8 Strength: 15 Dexterity: 12 Constitution: 18 Intelligence: 10 Wisdom: 10 Charisma: 10 Health: 0(81) Energy: 47(47) AC: 3 Gold: 268 Moves: 1709 Your Inventory: Coins $ - 268 gold pieces Armor b - a cursed +0 striped shirt (being worn) m - a cursed -1 pair of hard shoes [iron] (being worn) r - a [blessed] +1 elven mithril-coat (being worn) z - an [uncursed +1] mummy wrapping Scrolls s - a [blessed] scroll labeled FOOBIE BLETCH [of create monster] B - 4 [uncursed] unlabeled scrolls [of blank paper] Potions i - an [uncursed] yellow potion [of levitation] q - an [uncursed] dark green potion [of full healing] v - an [uncursed] white potion [of healing] y - an [uncursed] clear potion [of water] Rings h - an [uncursed] jade ring [of warning] A - an [uncursed +1] ceramic ring [of gain constitution] Wands g - an [uncursed] wand of undead turning [0:5] Tools f - an [uncursed] looking glass [mirror] t - an [uncursed] lock pick u - 4 [uncursed] partly used [wax] candles (lit) x - an [uncursed tallow] candle Gems k - an [uncursed] green gem [turquoise] p - an [uncursed] white gem [fluorite] w - an [uncursed] black gem [worthless glass] Iron balls c - an [uncursed] heavy iron ball (chained to you) (weapon in hand) Spells known in the end: Name Level Category Fail Memory Your skills at the end: Fighting Skills Weapon Skills sling [Basic / Skilled] Spellcasting Skills Final Attributes: You were devoutly aligned. Hunger level was 106. Your alignment was 18 / 18. Monster difficulty range was 0 - 6. Level difficulty was 5. You were immune to poison. You were immune to level-drain. You were immune to sickness. You were punished. You could fly. You could survive without air. You regenerated. Your luck was zero. You are dead. Vanquished creatures: a giant beetle a gnome king an orc mummy 2 lizards a soldier ant 5 gnome lords a guardian naga hatchling a gray ooze a paper golem a wax golem a little dog a floating eye a kitten 5 dwarves a centipede 3 coyotes a gas spore 2 hobbits a yellow mold 39 gnomes 2 geckos 2 jackals a kobold a sewer rat a grid bug a lichen 5 newts 83 creatures vanquished. Voluntary challenges: You went without food. You never hit with a wielded weapon. You read items or engraved 1 time. You put on armor 5 times. You never genocided any monsters. You never polymorphed an object. You never changed form. You used no wishes. You abstained from Elbereth's help. You never encountered a bones level. You never used any Sokoban shortcuts. Dungeon overview: The Dungeons of Doom: levels 1 to 2 Level 1 a long staircase Level 2 a fountain stairs to The Gnomish Mines The Gnomish Mines: levels 3 to 5 Level 3 stairs to The Dungeons of Doom Level 5 <- You were here History has recorded: On T:1 you entered the Dungeons of Doom to retrieve the Amulet of Yendor! On T:264 you reached level 2 of The Dungeons of Doom. On T:646 you advanced to experience level 2. On T:752 you advanced to experience level 3. On T:775 you reached level 1 of The Gnomish Mines. On T:784 you advanced to experience level 4. On T:836 you advanced to experience level 5. On T:968 you advanced to experience level 6. On T:1101 you reached level 2 of The Gnomish Mines. On T:1206 you advanced to experience level 7. On T:1349 you reached level 3 of The Gnomish Mines. On T:1687 you advanced to experience level 8. Latest messages: The white unicorn butts! The white unicorn kicks! [HP-23=43] You are already wielding that! You hit the white unicorn. You bite the white unicorn. The white unicorn misses. The white unicorn kicks! The white unicorn butts! The white unicorn kicks! [HP-15=28] You hit the white unicorn! You miss the white unicorn. The white unicorn butts! The white unicorn kicks! The white unicorn butts! The white unicorn misses. [HP-21=7] You miss the white unicorn. (2x) The white unicorn butts! The white unicorn kicks! You die... Final status: Goodbye Yev-Ruu the Convict... You died in The Gnomish Mines on dungeon level 5 with 3250 points, and 268 pieces of gold, after 1709 moves. You were level 8 with a maximum of 81 hit points when you died.